Map: Ulrena

Players

JimRising

  • Race: Zerg Zerg
  • League: Grandmaster

Light (SpeCial) - Winner!

  • Race: Terran Terran
  • League: Master

Event: Copa America 2016 Season 1

VOD

Have the link to the VOD?

Description

Time

  • Played on: Feb. 16, 2016, 5:40 p.m.
  • Length: 6:18

All games in this series

Show
View Real Time Build Order
Export as new Build Order

JimRising Zerg 

Build Orders: Hatch First 

Get SALT Encoding   

  12  0:00  Drone  
  13  0:13  Overlord  
  13  0:17  Drone  
  14  0:32  Drone x2  
  16  0:36  Drone  
  17  0:53  Hatchery  
  17  0:56  Drone  
  17  1:10  Spawning Pool  
  16  1:13  Drone  
  16  1:16  Extractor  
  17  1:18  Drone  
  17  1:21  Drone  
  18  1:31  Drone  
  19  1:46  Overlord  
  19  1:57  Queen  
  19  1:58  Zergling x2  
  22  2:05  Queen  
  22  2:06  Drone x2  
  26  2:13  Drone  
  27  2:16  Metabolic Boost  
  27  2:18  Drone  
  28  2:28  Drone  
  29  2:30  Overlord  
  29  2:36  Queen  
  31  2:45  Overlord  
  31  2:52  Zergling x4, Evolution Chamber  
  31  2:53  Zergling x2  
  33  3:00  Overlord  
  33  3:01  Zergling x2  
  33  3:05  Zergling x2  
  35  3:07  Zergling x2  
  36  3:22  Zergling x2  
  36  3:23  Zergling x10  
  41  3:27  Zergling x2  
  42  3:36  Zergling x4  
  44  3:46  Zergling x4  
  46  3:49  Zergling x6  
  46  3:54  Pneumatized Carapace  
  49  3:58  Zergling x2  
  49  4:04  Zergling x2  
  48  4:11  Zergling x2  
  48  4:12  Zergling x2  
  48  4:16  Zergling x2  
  51  4:22  Zergling x2, Queen  
  54  4:29  Zergling x2  
  52  4:33  Zergling x2  
  52  4:39  Zergling x2  
  46  4:53  Zergling x2  
  46  4:56  Zergling x4  
  41  5:07  Drone  
  41  5:08  Drone, Queen  
  45  5:25  Hatchery  
  37  5:40  Drone  
  37  5:48  Zergling x2  
  34  5:56  Drone  
  32  5:57  Drone x5  
  32  5:58  Overlord, Roach Warren  
  32  5:59  Overlord  
Show
View Real Time Build Order
Export as new Build Order

Light Terran - Winner!

Build Orders:  

Get SALT Encoding   

  12  0:01  SCV  
  13  0:13  SCV  
  14  0:17  Supply Depot  
  14  0:25  SCV  
  15  0:39  Barracks, SCV  
  16  0:44  Refinery  
  16  0:51  SCV  
  17  1:03  SCV  
  18  1:15  SCV  
  19  1:27  Barracks Reactor  
  19  1:28  Orbital Command  
  19  1:41  Command Center  
  19  1:51  Supply Depot  
  19  1:55  SCV  
  20  2:03  Marine x2  
  20  2:07  SCV  
  23  2:11  Factory  
  23  2:19  SCV  
  23  2:20  Refinery  
  24  2:31  SCV, Bunker  
  24  2:32  Marine x2  
  27  2:43  SCV  
  28  2:50  Marine x2  
  30  2:53  Orbital Command  
  30  2:55  SCV  
  31  3:02  Starport  
  31  3:05  Factory Tech Lab  
  31  3:08  SCV  
  32  3:22  SCV x2  
  32  3:24  Siege Tank  
  37  3:31  Supply Depot  
  37  3:35  SCV x2  
  37  3:39  Medivac  
  41  3:47  SCV x2  
  42  3:59  SCV x2  
  44  4:04  Command Center  
  44  4:09  Viking  
  46  4:11  Supply Depot  
  46  4:14  SCV x2  
  48  4:19  Marine  
  48  4:21  Widow Mine  
  51  4:29  Barracks  
  51  4:32  SCV x2  
  51  4:33  Barracks  
  51  4:37  Bunker  
  53  4:40  Supply Depot  
  53  4:44  Marine  
  54  4:45  Liberator  
  44  5:01  Marine  
  44  5:07  Orbital Command  
  44  5:08  SCV  
  40  5:16  Marine x2  
  40  5:19  Marine  
  43  5:23  Marine  
  44  5:34  Marine x2  
  44  5:36  Widow Mine  
  44  5:37  Marine  
  44  5:41  Marine  
  45  5:51  Marine x2  
  45  5:55  Marine  
  50  5:58  SCV, Marine  
Tags
 
Add a new tag
Caveats
  • Supply blocks, unpowered buildings, or Contaminate may cause inaccurate times.
  • Supply counts are checked every 10 seconds.